 Dungeon Crawl Stone Soup version 0.16-a0-1157-gec61f8e (webtiles) character file.

56 Qrupt the Magician (level 3, -3/14 HPs)
             Began as a Felid Wizard on Oct 8, 2014.
             Killed by divine providence
             ... invoked by an orc priest
              (17 damage)
             ... on level 3 of the Dungeon.
             The game lasted 00:07:14 (1979 turns).

Qrupt the Magician (Felid Wizard)                   Turns: 1979, Time: 00:07:15

Health: -3/14      AC:  1    Str:  3    XL:     3   Next: 69%
Magic:  10/10      EV: 17    Int: 20    God:
Gold:   151        SH:  0    Dex: 14    Spells: 4 memorised, 1 level left
                                        Lives:  0   Deaths: 0

rFire  . . .     SeeInvis +     (weapon unavailable)
rCold  . . .     Clarity  .     (armour unavailable)
rNeg   . . .     SustAb   .     (shield unavailable)
rPois  .         Gourm    .     (helmet unavailable)
rElec  .         Spirit   .     (cloak unavailable)
rCorr  .         Warding  .     (gloves unavailable)
rMut   .         Stasis   .     (boots unavailable)
MR     .....                    (no amulet)
Stlth  +++.......               (no ring)
                                (no ring)

@: quick, not resistant to hostile enchantments, fairly stealthy
A: paw claws, no armour, no weapons or thrown items, fangs 3, see invisible,
carnivore 3, speed 1, shaggy fur 1, slow metabolism 1, jump 1
a: Jump Attack


You were on level 3 of the Dungeon.
You were not hungry.

You visited 1 branch of the dungeon, and saw 3 of its levels.

You collected 151 gold pieces.

Inventory:

Comestibles
 d - a meat ration
 g - a slice of pizza
Scrolls
 a - 2 scrolls of identify
 h - 2 scrolls of random uselessness {unknown}
 l - a scroll of remove curse {unknown}
 n - a scroll of recharging {unknown}
 o - 2 scrolls of immolation {unknown}
 p - a scroll of teleportation {unknown}
Jewellery
 k - an uncursed ring of sustain abilities {unknown}
Potions
 b - a potion of heal wounds
 e - a potion of restore abilities {unknown}
 f - a potion of curing {unknown}
 i - a potion of brilliance {unknown}
 j - a potion of might {unknown}
 m - a potion of poison {unknown}
Books
 c - a book of Minor Magic

   Spells                             Type                      Level
   *Magic Dart                        Conjuration                  1
   *Blink                             Translocation                2
   *Call Imp                          Summoning                    2
   Repel Missiles                     Charms/Air                   2
   Slow                               Hexes                        2
   *Conjure Flame                     Conjuration/Fire             3
   Mephitic Cloud                     Conjuration/Poison/Air       3


   Skills:
 - Level 2.6 Dodging
 - Level 2.6 Stealth
 - Level 3.5 Spellcasting
 + Level 2.6 Conjurations
 - Level 1.0 Summonings
 - Level 1.5 Translocations


You had one spell level left.
You knew the following spells:

 Your Spells              Type           Power        Failure   Level  Hunger
a - Magic Dart            Conj           ##..         4%          1    None
b - Blink                 Tloc           N/A          14%         2    ##.....
c - Call Imp              Summ           #.......     17%         2    ##.....
d - Conjure Flame         Conj/Fire      #.......     24%         3    ###....


Dungeon Overview and Level Annotations

Branches:
Dungeon (3/15)

Altars:


Innate Abilities, Weirdness & Mutations

You cannot wear armour.
You are incapable of wielding weapons or throwing items.
Your paws have sharp claws.
You have razor-sharp teeth.
You have supernaturally acute eyesight.
You are carnivorous and can eat meat at any time.
You cover ground quickly.
You are covered in fur (AC +1).
You have a slow metabolism.
You can jump attack at a short distance.


Message History

It is a scroll of identify.
Identify which item? (\ to view known items) (? for menu, Esc to quit)
b - a potion of heal wounds
Okay, then.
There is a stone staircase leading up here.
You now have 137 gold pieces (gained 10).
Things that are here:
a scale mail; an orc corpse
Things that are here:
a whip; a leather armour; an orc corpse You now have 151 gold pieces (gained 14).
You see here 3 stones.
An orc priest comes into view. It is wielding a dagger.
An orc priest is nearby!
You see here 3 stones.
The orc priest shouts!
The orc priest mumbles some strange prayers to Beogh against you.
Something smites you!
Ouch! That really hurt!
You die...

#............
#..........##
#..........?##
#.............#
#........#
##..<...##
#####.[# # ###)##
...###..@.#
........#(.####..
......%..>.......#
........##...###.
.o...## ###....
....# #.... ...
... . .


You could see an orc priest.

Vanquished Creatures
  An adder (D:2)
  A worm (D:2)
  2 orcs (D:3)
  3 giant cockroaches (D:2)
  2 hobgoblins
  6 kobolds
  2 ball pythons
  8 bats
  3 giant newts (D:1)
  5 goblins
  3 jackals (D:2)
  3 rats
39 creatures vanquished.

Vanquished Creatures (collateral kills)
  An adder (D:2)
1 creature vanquished.

Grand Total: 40 creatures vanquished

Notes
Turn   | Place    | Note
--------------------------------------------------------------
     0 | D:1      | Qrupt, the Felid Wizard, began the quest for the Orb.
     0 | D:1      | Reached XP level 1. HP: 7/7 MP: 5/5
    94 | D:1      | Reached skill level 1 in Conjurations
   437 | D:1      | Reached XP level 2. HP: 11/11 MP: 4/7
  1072 | D:2      | Learned a level 2 spell: Blink
  1075 | D:2      | Learned a level 2 spell: Call Imp
  1115 | D:2      | Reached XP level 3. HP: 14/14 MP: 1/10
  1389 | D:2      | Learned a level 3 spell: Conjure Flame
  1979 | D:3      | Killed from afar by an orc priest

Action                   || total
-------------------------++-------
Melee: Unarmed           ||     4
 Cast: Magic Dart        ||    88
       Conjure Flame     ||     1
       Call Imp          ||     1
  Use: Scroll            ||     1
  Eat: Chunk             ||     2
